 Dungeon Sprint DCSS version 0.16.1-28-gcc2312f (webtiles) character file.

4 Kidiri the Insei (level 1, 0/16 HPs)
             Began as a Demonspawn Transmuter on May 31, 2015.
             Was the Champion of Jiyva.
             Slain by a worker ant (6 damage)
             ... in the Dungeon (Sprint VII: "The Pits").
             The game lasted 00:01:47 (111 turns).

Kidiri the Insei (Demonspawn Transmuter)             Turns: 111, Time: 00:01:47

Health: 0/16       AC:  2    Str: 10    XL:     1   Next: 50%
Magic:  2/3        EV: 12    Int: 13    God:    Jiyva [******]
Gold:   0          SH:  0    Dex: 14    Spells: 1 memorised, 3 levels left

rFire  . . .     SeeInvis .       - Unarmed
rCold  . . .     Clarity  .     c - +0 robe
rNeg   . . .     SustAb   .     (no shield)
rPois  .         Gourm    .     (helmet restricted)
rElec  +         Spirit   .     (no cloak)
rCorr  +         Warding  .     (no gloves)
rMut   .         NoTele   +     (no boots)
MR     .....                    (no amulet)
Stlth  +.........               (no ring)
                                (no ring)

@: appendage, constricted, not resistant to hostile enchantments, very
unstealthy
A: horns 2, regeneration 1, robust 1, electricity resistance, eyeballs 1, jelly
absorbing missiles
a: End Transformation, Request Jelly, Jelly Paralyse, Slimify, Cure Bad
Mutation, Renounce Religion


You were in the Dungeon.
You worshipped Jiyva.
Jiyva was exalted by your worship.
You were not hungry.
You had grown temporary horns.
You visited 1 branch

Inventory:

Missiles
 b - 12 arrows
Armour
 c - a +0 robe (worn)
Scrolls
 j - a scroll of blinking
 n - 3 scrolls of remove curse
 o - 5 scrolls of amnesia
 p - a scroll of summoning
Potions
 e - a potion of curing
 f - a potion of heal wounds
 g - a potion of haste
 h - 4 potions of magic
 i - 3 potions of berserk rage
 m - 2 potions of invisibility
Books
 d - a book of Changes

   Spells                             Type                      Level
   a - Beastly Appendage              Transmutation                1
   b - Sticks to Snakes               Transmutation                2
   c - Spider Form                    Transmutation/Poison         3
   d - Ice Form                       Ice/Transmutation            4
   e - Blade Hands                    Transmutation                5
Comestibles
 a - 8 bread rations
 k - 40 fruits
 l - 7 meat rations


   Skills:
 + Level 1.4 Fighting
 - Level 1.7 Dodging
 * Level 3.1 Unarmed Combat
 * Level 2.3 Spellcasting
 * Level 2.2 Transmutations


You had 3 spell levels left.
You knew the following spells:

 Your Spells              Type           Power        Failure   Level  Hunger
a - Beastly Appendage     Trmt           #.....       12%         1    #......


Dungeon Overview and Level Annotations

Branches:
Dungeon (1/1)

Altars:
Ashenzari
Cheibriados
Dithmenos
Elyvilon
Fedhas
Gozag
Kikubaaqudgha
Makhleb
Nemelex Xobeh
Okawaru
Qazlal
Ru
Sif Muna
Trog
Vehumet
Xom
Yredelemnul
Zin
The Shining One
Beogh
Jiyva
Lugonu


Innate Abilities, Weirdness & Mutations

You have a pair of horns on your head.
Your natural rate of healing is unusually fast.
You are robust (+10% HP).
You are resistant to electric shocks.
Your body is partially covered in golden eyeballs (Acc +3).
You have a small jelly attached to you that may absorb incoming projectiles.


Message History

The worker ant twitches its antennae in your direction.
The ball python closely misses you. x2
You hit the worker ant but do no damage.
The ball python misses you. The ball python closely misses you.
The worker ant bites you.
You shudder from the blow and a jelly pops out!
The ball python barely misses you. The ball python grabs you.
The ball python constricts you.
You hit the worker ant but do no damage.
Your headbutt misses the worker ant. The worker ant bites you.
You shudder from the blow and a jelly pops out!
The ball python barely misses you. The ball python constricts you.
The worker ant closely misses you.
Unknown command.
You hit the worker ant.
You punch the worker ant, but do no damage.
The worker ant is lightly wounded.
The ball python misses you. The ball python constricts you.
The worker ant bites you.
You die...

#.#####'##############
#_#J..'.'..##.........
#_#)..#.#?(##......#..
#######'#####.........
#...........'.........
#+#####'#####......#..
#.J...# #.........
#J.J..# ####'#####
###@### #.......#
#.a.S.# #.......#
#.....# #.......#
####+## #...<...#
#.......# #.......#
#.......# #########


You could see a worker ant, a ball python, a neutral jelly (fellow slime), a
friendly acid blob and a friendly death ooze.

Vanquished Creatures
  A giant cockroach (D)
  2 jackals (D)
  A rat (D)
4 creatures vanquished.

Notes
Turn   | Place    | Note
--------------------------------------------------------------
     0 | D        | Kidiri, the Demonspawn Transmuter, began the quest for the Orb.
     0 | D        | Reached XP level 1. HP: 15/15 MP: 3/3
    26 | D        | Found a sacrificial altar of Ru.
    26 | D        | Found a basalt altar of Yredelemnul.
    26 | D        | Found a shadowy altar of Dithmenos.
    26 | D        | Found a deep blue altar of Sif Muna.
    26 | D        | Found a burning altar of Makhleb.
    26 | D        | Found a shimmering altar of Xom.
    26 | D        | Found an ancient bone altar of Kikubaaqudgha.
    26 | D        | Found a sparkling altar of Nemelex Xobeh.
    27 | D        | Found a glowing golden altar of the Shining One.
    27 | D        | Found a bloodstained altar of Trog.
    27 | D        | Found a shattered altar of Ashenzari.
    27 | D        | Found a white marble altar of Elyvilon.
    27 | D        | Found a snail-covered altar of Cheibriados.
    27 | D        | Found a blossoming altar of Fedhas.
    27 | D        | Found a radiant altar of Vehumet.
    27 | D        | Found a glowing silver altar of Zin.
    27 | D        | Found a corrupted altar of Lugonu.
    27 | D        | Found a viscous altar of Jiyva.
    27 | D        | Found a roughly hewn altar of Beogh.
    27 | D        | Found an iron altar of Okawaru.
    33 | D        | Found a stormy altar of Qazlal.
    34 | D        | Found an opulent altar of Gozag.
    40 | D        | Became a worshipper of Jiyva Jezuw the Shapeless
    59 | D        | Acquired Jiyva's first power
    60 | D        | Acquired Jiyva's second power
    64 | D        | Gained mutation: Your natural rate of healing is unusually fast. [Jiyva's grace]
    66 | D        | Acquired Jiyva's third power
    68 | D        | Gained mutation: You are robust (+10% HP). [Jiyva's grace]
    76 | D        | Acquired Jiyva's fourth power
    78 | D        | Reached skill level 3 in Unarmed Combat
    78 | D        | Gained mutation: You have a small jelly attached to you that may absorb incoming projectiles. [Jiyva's grace]
    81 | D        | Gained mutation: Your body is partially covered in golden eyeballs (Acc +3). [Jiyva's grace]
   107 | D        | Noticed a worker ant
   107 | D        | Gained mutation: You are resistant to electric shocks. [Jiyva's grace]
   111 | D        | Slain by a worker ant

Action                   || total
-------------------------++-------
Melee: Unarmed           ||    18
 Cast: Beastly Appendage ||     2
